 Dungeon Crawl Stone Soup version 0.23.0-3-gf3c87f2 (webtiles) character file.

Game seed: 10635994592800024185

669 Scud the Chopper (level 7, -3/66 HPs)
             Began as a Naga Fighter on Feb 23, 2019.
             Slain by a gnoll
             ... wielding a +0 flail
              (4 damage)
             ... on level 4 of the Dungeon.
             The game lasted 00:12:44 (2746 turns).

Scud the Chopper (Naga Fighter)                     Turns: 2746, Time: 00:12:45

Health: -3/66      AC:  7    Str: 20    XL:     7   Next: 58%
Magic:  7/7        EV:  6    Int:  9    God:
Gold:   199        SH:  9    Dex: 10    Spells: 6/6 levels left

rFire    . . .     SeeInvis +   a - +0 war axe
rCold    . . .     Gourm    .   c - +0 shield
rNeg     + . .     Faith    .   b - +0 scale mail
rPois    +         Spirit   .   (no helmet)
rElec    .         Reflect  .   g - +0 cloak
rCorr    +         Harm     .   (no gloves)
MR       .....                  (no barding)
Stlth    ..........             l - amulet of rage
HPRegen  0.21/turn              p - ring of positive energy
MPRegen  0.10/turn              h - ring of resist corrosion

@: flying, very slightly contaminated, invisible, very slow
A: large, see invisible, deformed body, poison resistance, slowness 2, slow
metabolism 1, spit poison 1, AC +2
a: Spit Poison, Evoke Berserk Rage


You were on level 4 of the Dungeon.
You were not hungry.

You visited 1 branch of the dungeon, and saw 4 of its levels.

You collected 199 gold pieces.

Inventory:

Hand Weapons
 a - a +0 war axe (weapon)
Armour
 b - a +0 scale mail (worn)
 c - a +0 shield (worn)
 g - a +0 cloak (worn)
Jewellery
 h - a ring of resist corrosion (right hand)
 l - an amulet of rage (around neck)
 p - a ring of positive energy (left hand)
 t - a +3 ring of protection {unknown}
 v - an uncursed ring of protection from magic {unknown}
Scrolls
 d - a scroll of blinking {unknown}
 j - 2 scrolls of remove curse
 o - a scroll of teleportation {unknown}
 q - 2 scrolls of amnesia {unknown}
 r - a scroll of magic mapping {unknown}
 s - a scroll of enchant armour {unknown}
 u - a scroll of enchant weapon {unknown}
 x - a scroll of identify
Potions
 i - a potion of invisibility
 k - a potion of curing {unknown}
 m - a potion of berserk rage {unknown}
 n - a potion of haste {unknown}
 w - 2 potions of degeneration {unknown}
 A - a potion of agility {unknown}
Comestibles
 f - a ration


   Skills:
 + Level 4.6 Fighting
 + Level 5.3 Axes
 + Level 3.7 Armour
 + Level 1.1 Dodging
 + Level 0.6 Stealth
 + Level 3.5 Shields
 + Level 0.3 Evocations


You had 6 spell levels left.
You didn't know any spells.
Your spell library was empty.

Dungeon Overview and Level Annotations

Branches:
Dungeon (4/15)
 Temple: D:4-7

Altars:
Ashenzari
Elyvilon
Makhleb
Okawaru
Vehumet
Wu Jian
The Shining One

Portals:
Sewer: D:4


Innate Abilities, Weirdness & Mutations

You cannot wear boots.
Your serpentine skin is tough. (AC +2)
You have supernaturally acute eyesight. (SInv)
Armour fits poorly on your strangely shaped body.
Your system is resistant to poisons. (rPois)
You cover ground very slowly.
You have a slow metabolism.
You can spit poison.


Message History

The gnoll barely misses you. The gnoll hits you with a +0 flail.
* * * LOW HITPOINT WARNING * * *
You hit the gnoll.
The gnoll is severely wounded.
You hit the gnoll but do no damage. You block the gnoll's attack.
The gnoll hits you with a +0 flail!
* * * LOW HITPOINT WARNING * * *
You closely miss the gnoll.
The gnoll is severely wounded.
Your shield and scale mail prevent you from hitting the gnoll.
The gnoll hits you from afar with a +0 spear.
* * * LOW HITPOINT WARNING * * *
You block the gnoll's attack. x2
The gnoll hits you from afar with a +0 spear.
* * * LOW HITPOINT WARNING * * *
It was a potion of flight.
You feel very buoyant.
You fly up into the air.
You block the gnoll's attack. The gnoll hits you with a +0 flail.
You die...

##...#...#####.....##
#..####### ##...##
##..# ##### #...####
#......###
#####....##
###...####...
#.gg.g.....
#.@.g.....#
#.<###....## #.?##
#...# #.## #..# #.#
...# ... #.. . #.


You could see 4 gnolls.

Vanquished Creatures
  Sigmund (D:3)
  A sky beast (D:4)
  A scorpion (D:4)
  A howler monkey (D:4)
  A centaur skeleton (D:4)
  An orc priest (D:3)
  An orc wizard (D:3)
  Jessica (D:3)
  An iguana (D:4)
  A worker ant (D:4)
  Robin (D:3)
  6 adders
  An ooze (D:3)
  4 worms
  A dart slug (D:2)
  4 leopard geckos
  4 orcs (D:3)
  3 giant cockroaches
  16 goblins
  10 hobgoblins
  6 jackals (D:1)
  A quokka (D:2)
  4 bats
  3 frilled lizards
  5 kobolds
  13 rats
92 creatures vanquished.

Notes
Turn   | Place    | Note
-------+----------+-------------------------------------------
     0 | D:1      | Scud the Naga Fighter began the quest for the Orb.
     0 | D:1      | Reached XP level 1. HP: 21/21 MP: 1/1
    73 | D:1      | Reached XP level 2. HP: 20/28 MP: 2/2
   274 | D:1      | Reached XP level 3. HP: 32/34 MP: 3/3
   685 | D:2      | Found a faded altar of an unknown god.
   947 | D:2      | Found a glowing golden altar of the Shining One.
  1152 | D:2      | Found a radiant altar of Vehumet.
  1226 | D:2      | Found a white marble altar of Elyvilon.
  1227 | D:2      | Found a burning altar of Makhleb.
  1441 | D:3      | Reached XP level 4. HP: 44/44 MP: 4/4
  1485 | D:3      | Noticed Robin
  1486 | D:3      | Noticed Jessica
  1505 | D:3      | Reached skill level 3 in Axes
  1507 | D:3      | Killed Robin
  1508 | D:3      | Killed Jessica
  1508 | D:3      | Reached XP level 5. HP: 8/50 MP: 5/5
  1716 | D:3      | Found a shattered altar of Ashenzari.
  1763 | D:3      | Noticed Sigmund
  1764 | D:3      | Found an ornate altar of the Wu Jian Council.
  1775 | D:3      | Killed Sigmund
  1775 | D:3      | Reached skill level 4 in Axes
  1775 | D:3      | Reached XP level 6. HP: 13/58 MP: 6/6
  2514 | D:4      | Found an iron altar of Okawaru.
  2517 | D:4      | Reached XP level 7. HP: 62/66 MP: 7/7
  2534 | D:4      | Reached skill level 5 in Axes
  2538 | D:4      | Reached skill level 1 in Dodging
  2711 | D:4      | Found a glowing drain.
  2745 | D:4      | HP: 1/66 [gnoll/+0 spear (3)]
  2746 | D:4      | Slain by a gnoll

Skill      XL: |  1  2  3  4  5  6  7 |
---------------+----------------------+-----
Axes           | 3 4 5 |  5.3
Shields        | 3 |  3.5
Fighting       | 4 |  4.6
Armour         | 3 |  3.7
Dodging        | 1 |  1.1
Stealth        | |  0.6
Evocations     | |  0.3

Action                   |  1- 3 |  4- 6 |  7- 9 || total
-------------------------+-------+-------+-------++-------
Melee: War axe           |    99 |   119 |    32 ||   250
 Abil: Evoke Berserk Rag |       |     1 |       ||     1
  Use: Potion            |       |     1 |     2 ||     3
       Scroll            |       |     2 |       ||     2
  Eat: Ration            |     1 |     1 |       ||     2
Armor: Scale mail        |    53 |    88 |    19 ||   160
Dodge: Dodged            |    24 |    29 |    12 ||    65
Block: Shield            |    54 |    69 |    21 ||   144
